Map: Bridgehead LE (Void)

Players

wabbajack - Winner!

  • Race: Zerg Zerg
  • League: Grandmaster

VOD

Have the link to the VOD?

Description

Time

  • Played on: July 15, 2015, 4:40 p.m.
  • Length: 5:25
Show
View Real Time Build Order
Export as new Build Order

wabbajack Zerg - Winner!

Build Orders: Hatch First 

Get SALT Encoding   

  12  0:02  Drone  
  12  0:15  Drone  
  12  0:18  Overlord  
  12  0:24  Extractor  
  12  0:28  Drone, Extractor  
  12  0:30  Drone  
  12  0:37  Drone  
  12  0:56  Hatchery  
  12  1:03  Drone  
  12  1:06  Drone  
  12  1:07  Extractor  
  12  1:19  Spawning Pool  
  12  1:20  Drone  
  12  1:24  Drone  
  12  1:33  Drone  
  12  1:41  Overlord  
  12  2:00  Drone  
  12  2:06  Drone, Queen  
  12  2:08  Queen  
  12  2:15  Metabolic Boost  
  12  2:17  Zergling x2  
  12  2:19  Drone x2  
  12  2:25  Drone  
  12  2:30  Drone  
  12  2:35  Drone  
  12  2:46  Roach Warren  
  12  2:49  Extractor  
  12  2:57  Drone x2  
  12  2:58  Drone  
  12  3:03  Overlord x2  
  12  3:05  Pneumatized Carapace  
  12  3:17  Drone  
  12  3:20  Drone  
  12  3:29  Roach x4  
  12  3:36  Roach  
  12  3:37  Roach x2  
  12  3:39  Roach  
  12  3:46  Overlord x2  
  12  4:12  Zergling x2  
  12  4:13  Zergling x16  
  12  4:29  Overlord  
  12  4:30  Zergling x2  
  12  4:31  Zergling x12  
Tags
 
Add a new tag
Caveats
  • Supply blocks, unpowered buildings, or Contaminate may cause inaccurate times.
  • Supply counts are checked every 10 seconds.